 Dungeon Crawl Stone Soup version 0.26-a0-651-gb41185065b (webtiles) character file.

Game seed: 8241904441509650957

66579 PanSaczeczos the Fighter (level 15, -29/100 HPs)
             Began as a Gargoyle Venom Mage on Oct 20, 2020.
             Was the Champion of the Shining One.
             Annihilated by an orc knight
             ... wielding a +0 great mace
              (35 damage)
             ... on level 1 of the Orcish Mines.
             The game lasted 00:55:07 (32093 turns).

PanSaczeczos the Fighter (Gargoyle Venom Mage)     Turns: 32093, Time: 00:55:08

Health: -29/100    AC: 28    Str: 26    XL:     15   Next: 20%
Magic:  25/25      EV: 12    Int: 19    God:    the Shining One [******]
Gold:   2254       SH:  5    Dex: 10    Spells: 16/19 levels left

rFire    + + .     SeeInvis .   b - +1 longbow (flame)
rCold    . . .     Faith    .   (shield currently unavailable)
rNeg     + + +     Spirit   .   N - +1 scale mail of the Boiling Point {rF+ Str+3}
rPois    ∞         Reflect  +   L - +1 helmet of Shielding {rF+}
rElec    +         Harm     .   Y - +0 cloak "Jaufiz" {Regen+ Int+2 Stlth+}
rCorr    .         Rampage  .   V - +1 pair of gloves
MR       +....                  K - +2 pair of boots
Stlth    +.........             e - amulet of reflection
HPRegen  0.66/turn              v - +6 ring of strength
MPRegen  0.19/turn              S - +4 ring of slaying

@: flying, glowing
A: big wings, negative energy resistance 1, electricity resistance, unbreathing,
petrification resistance, rot immunity, AC +11
a: Stop Flying, Divine Shield, Cleansing Flame, Summon Divine Warrior, Brand
Weapon With Holy Wrath, Renounce Religion


You were on level 1 of the Orcish Mines.
You worshipped the Shining One.
The Shining One was exalted by your worship.
You visited 3 branches of the dungeon, and saw 21 of its levels.
You visited the Abyss 1 time.
You also visited: Gauntlet and Volcano.

You collected 2254 gold pieces.

Inventory:

Hand Weapons
 a - a +6 flail of freezing
 b - a +1 longbow of flaming (weapon)
 w - a +4 scimitar of flaming
Missiles
 s - a throwing net {!f}
 R - 371 arrows (quivered)
Armour
 K - a +2 pair of boots (worn)
 L - the +1 helmet of Shielding (worn) {rF+}
   (You found it on level 3 of the Lair of Beasts)

   It protects you from fire.
 N - the +1 scale mail of the Boiling Point (worn) {rF+ Str+3}
   (You found it on level 3 of the Lair of Beasts)

   It affects your strength (+3).
   It protects you from fire.
 V - a +1 pair of gloves (worn)
 Y - the +0 cloak "Jaufiz" (worn) {Regen+ Int+2 Stlth+}
   (You found it in a Gauntlet)

   It affects your intelligence (+2).
   It increases your rate of regeneration.
   It makes you more stealthy.
Jewellery
 e - an amulet of reflection (around neck)
 o - an uncursed amulet of faith {unknown}
 v - a +6 ring of strength (left hand)
 O - a +6 ring of strength
 P - an uncursed ring of resist corrosion
 S - a +4 ring of slaying (right hand)
 U - an uncursed amulet of the acrobat {unknown}
Wands
 g - a wand of digging (6)
 h - a wand of acid (17)
 q - a wand of flame (62)
 r - a wand of iceblast (8)
 x - a wand of polymorph (13)
 B - a wand of paralysis (11)
 E - a wand of disintegration (27)
 J - a wand of enslavement (12)
Scrolls
 d - 10 scrolls of remove curse {@r2}
 f - 5 scrolls of teleportation {@r3}
 k - 2 scrolls of magic mapping
 l - a scroll of enchant armour
 t - a scroll of blinking {@r4}
 y - a scroll of vulnerability {!r}
 A - 7 scrolls of fog
 Q - a scroll of enchant weapon
 W - a scroll of fear
 X - a scroll of summoning
 Z - a scroll of silence
Potions
 c - 3 potions of heal wounds
 i - 4 potions of might {unknown}
 j - a potion of flight {unknown}
 m - 6 potions of stabbing {unknown}
 n - 3 potions of degeneration {unknown}
 p - 15 potions of curing {@q1}
 z - 3 potions of mutation {unknown}
 C - 2 potions of haste
 D - 2 potions of cancellation {unknown}
 F - 2 potions of brilliance
 H - 3 potions of lignification
 I - 3 potions of magic
 M - 2 potions of resistance
 T - 2 potions of ambrosia
Miscellaneous
 u - a box of beasts (3/3)
 G - a lightning rod (4/4)


   Skills:
 + Level 14.2 Fighting
 + Level 13.2 Maces & Flails
 + Level 7.1 Bows
 - Level 0.4 Throwing
 - Level 6.0 Armour
 - Level 6.0 Dodging
 - Level 2.1 Stealth
   Level 4.0 Shields
 - Level 2.8 Spellcasting
 - Level 2.0 Transmutations
 - Level 3.8 Poison Magic
 + Level 13.5 Invocations
 + Level 4.3 Evocations


You had 16 spell levels left.
You knew the following spells:

 Your Spells              Type           Power        Failure   Level
a - Sting                 Tmut/Pois      ##..         10%         1
b - Poisonous Vapours     Pois/Air       #.....       22%         2

Your spell library contained the following spells:

 Spells                   Type           Power        Failure   Level
 Animate Skeleton         Necr           #.....       32%         1
 Apportation              Tloc           #.....       32%         1
 Corona                   Hex            #......      32%         1
 Shock                    Conj/Air       #...         32%         1
 Summon Small Mammal      Summ           #...         32%         1
 Ignite Poison            Fire/Tmut/Pois ##......     41%         3
 Blink                    Tloc           N/A          45%         2
 Swiftness                Air            #.......     45%         2
 Mephitic Cloud           Conj/Pois/Air  #.......     52%         3
 Olgreb's Toxic Radiance  Pois           ###.....     56%         4
 Gell's Gravitas          Tloc           #.........   69%         3
 Lesser Beckoning         Tloc           #.........   69%         3
 Static Discharge         Conj/Air       #.......     69%         3
 Teleport Other           Tloc           #.......     69%         3
 Airstrike                Air            #.........   97%         4
 Passage of Golubria      Tloc           N/A          97%         4
 Irradiate                Conj/Tmut      #.........   99%         5
 Lightning Bolt           Conj/Air       #.........   100%        5
 Hydra Form               Tmut           ##........   100%        6
 Dragon Form              Tmut           ##........   100%        7
 Statue Form              Tmut/Erth      Unusable     N/A         6

Dungeon Overview and Level Annotations

Branches:
Dungeon (13/15)            Temple (0/1) D:6            Lair (6/6) D:8
  Swamp (0/4) Lair:2       Spider (0/4) Lair:3        Slime (0/5) Lair:6
    Orc (2/2) D:11         Vaults (0/5) D:13        Volcano (visited)
Gauntlet (visited)
    Elf: Orc:2

Altars:
Elyvilon
Hepliaklqana
Makhleb
Nemelex Xobeh
Okawaru
Ru
Uskayaw
Yredelemnul
The Shining One

Shops:
D:7 ?   D:10 *

Annotations:
D:4 1 runed translucent door, Crazy Yiuf
D:12 2 transporters, p0werm0de's ghost, journeyman DDFi


Innate Abilities, Weirdness & Mutations

You are resistant to torment.
Your stone body is resilient. (AC +11)
You are immune to poison.
Your large and strong wings let you fly indefinitely.
You resist negative energy. (rN+)
You are resistant to electric shocks. (rElec)
You can survive without breathing.
You are immune to petrification.
You are immune to rotting.


Message History

Aim: an orc knight, wielding a +0 great mace and quivering 13 bolts (heavily wounded, strong, haloed)
You shoot an arrow. The arrow hits the orc knight!
The arrow burns the orc knight.
The orc knight is severely wounded.
The orc knight hits you with a +0 great mace!!!
* * * LOW HITPOINT WARNING * * *
Firing (i - inventory. (/) - cycle)
R - 373 arrows (quivered)
Press: ? - help, Shift-Dir - straight line, f/p - orc knight
Aim: an orc knight, wielding a +0 great mace and quivering 13 bolts (severely wounded, strong, haloed)
You shoot an arrow.
The arrow completely misses the orc knight.
The orc knight hits you with a +0 great mace!
* * * LOW HITPOINT WARNING * * *
Firing (i - inventory. (/) - cycle)
R - 372 arrows (quivered)
Press: ? - help, Shift-Dir - straight line, f/p - orc knight
Aim: an orc knight, wielding a +0 great mace and quivering 13 bolts (severely wounded, strong, haloed)
You shoot an arrow.
The arrow closely misses the orc knight.
The orc knight hits you with a +0 great mace!!
You die...

##......##......#...
###....###........)
##.####......#.#.
##.#............
#.........#.....
##......##.#...#
#####.#....#.......
##(##.....#).#......
#..@o..#.###.....#..
##)#(...####.)######
##..............####
#....#............##
###...###....[###....#
#....####.....##.#..##
##.....##............#
##.#......##.......##
####....###....#.##


You could see an orc knight (strong).

Vanquished Creatures
  A tentacled starspawn (Abyss:2)
  Gastronok (D:10)
  A stone giant (Volcano)
  A fire dragon (Lair:6)
  An ogre mage (D:12)
  An ice dragon (Lair:6)
  6 hydras
  Erica (D:11)
  4 two-headed ogres
  A centaur warrior (D:13)
  2 dancing weapons (D:13)
  A death yak (Lair:3)
  Sonja (D:11)
  4 unseen horrors
  A swamp dragon (Lair:6)
  A lindwurm (Lair:6)
  An orc sorcerer (Orc:2)
  An ugly thing (D:13)
  3 cyclopes
  Maurice (D:13)
  2 molten gargoyles (Volcano)
  Psyche (D:8)
  6 black mambas
  5 elephants
  A gargoyle (Volcano)
  4 torpor snails
  5 cane toads
  4 rime drakes
  2 efreet
  7 komodo dragons
  A polar bear (Lair:2)
  6 hornets
  7 trolls
  A queen bee (Gauntlet)
  7 hippogriffs
  4 tyrant leeches
  3 blink frogs (Lair:4)
  12 slime creatures
  A wraith (D:13)
  A spriggan (Lair:2)
  4 shadows
  2 fire bats (Volcano)
  A wyvern (D:13)
  44 yaks
  A fire elemental (Volcano)
  3 vampires
  6 vampire mosquitoes (D:12)
  2 steam dragons (Lair:6)
  3 basilisks (Lair:6)
  4 acid dragons (Lair:6)
  3 wargs
  6 porcupines
  12 water moccasins
  18 orc warriors
  A swamp drake (Lair:6)
  2 black bears
  5 sky beasts
  An eye of draining (D:5)
  2 necrophages
  13 ice beasts
  13 ogres
  3 phantoms
  12 centaurs
  11 wolves
  10 crocodiles
  A big kobold (D:9)
  A gnoll sergeant (D:9)
  11 bullfrogs
  2 earth elementals (Volcano)
  A water moccasin zombie (D:7)
  2 scorpions
  11 killer bees
  17 wights
  3 howler monkeys
  10 electric eels
  7 lava snakes (Volcano)
  A bullfrog zombie (D:10)
  2 centaur zombies
  4 quasits
  12 hounds
  10 orc priests
  17 orc wizards
  A bullfrog skeleton (D:8)
  12 jellies
  4 centaur skeletons
  4 iguanas
  Jessica (D:2)
  7 worker ants
  2 hound skeletons
  6 gnolls
  14 adders
  2 shadow imps (D:5)
  2 white imps
  An ufetubus (D:6)
  2 oozes
  An adder zombie (D:8)
  An adder skeleton (D:9)
  3 worms
  A dart slug (D:2)
  5 leopard geckos
  54 orcs
  9 giant cockroaches
  7 goblins
  11 hobgoblins
  14 jackals
  6 quokkas
  A ball python skeleton (D:4)
  7 bats
  6 frilled lizards
  A jackal skeleton (D:5)
  9 kobolds
  A quokka skeleton (D:4)
  2 quokka zombies
  12 rats
617 creatures vanquished.

Vanquished Creatures (others)
  A white imp (D:8)
  A quokka (D:10)
  28 fungi
  77 plants
  6 starspawn tentacles (Abyss:2)
113 creatures vanquished.

Grand Total: 730 creatures vanquished

Notes
Turn   | Place    | Note
-------+----------+-------------------------------------------
     0 | D:1      | PanSaczeczos the Gargoyle Venom Mage began the quest for
                  | the Orb.
     0 | D:1      | Reached XP level 1. HP: 10/10 MP: 3/3
   175 | D:1      | Reached skill level 1 in Transmutations
   201 | D:1      | Reached XP level 2. HP: 10/15 MP: 5/5
   623 | D:1      | Learned a level 2 spell: Poisonous Vapours
  1094 | D:2      | Reached XP level 3. HP: 12/19 MP: 6/6
  1956 | D:2      | Reached XP level 4. HP: 21/24 MP: 8/8
  2555 | D:3      | Noticed Jessica
  2576 | D:2      | Killed Jessica
  3018 | D:3      | Reached skill level 1 in Armour
  3252 | D:3      | Found a hazy altar of Hepliaklqana.
  3385 | D:4      | Reached XP level 5. HP: 28/28 MP: 9/9
  3421 | D:4      | Noticed an ogre
  3638 | D:4      | Killed an ogre
  3638 | D:4      | Reached skill level 1 in Fighting
  3638 | D:4      | Reached skill level 1 in Maces & Flails
  3767 | D:4      | Reached XP level 6. HP: 35/35 MP: 10/10
  3858 | D:4      | Reached skill level 2 in Fighting
  4492 | D:4      | Reached skill level 3 in Fighting
  4492 | D:4      | Reached XP level 7. HP: 41/41 MP: 11/11
  4884 | D:4      | Found a runed translucent door.
  4885 | D:4      | Noticed Crazy Yiuf
  4933 | D:5      | Entered Level 5 of the Dungeon
  5125 | D:5      | Found a glowing golden altar of the Shining One.
  5453 | D:5      | Found a burning altar of Makhleb.
  5453 | D:5      | Found an iron altar of Okawaru.
  5466 | D:5      | Reached skill level 4 in Fighting
  5479 | D:5      | Reached XP level 8. HP: 16/48 MP: 0/12
  5827 | D:5      | Found a sacrificial altar of Ru.
  5931 | D:5      | Reached skill level 5 in Armour
  6470 | D:5      | Became a worshipper of the Shining One
  6516 | D:6      | Reached skill level 5 in Fighting
  6549 | D:6      | Found a staircase to the Ecumenical Temple.
  6764 | D:6      | Reached skill level 1 in Invocations
  7464 | D:5      | Reached skill level 5 in Maces & Flails
  7860 | D:6      | Reached XP level 9. HP: 41/55 MP: 13/13
  8488 | D:6      | Reached skill level 6 in Fighting
  8630 | D:6      | Found a hide-covered altar of Uskayaw.
  8708 | D:7      | Found a basalt altar of Yredelemnul.
  8801 | D:6      | Reached * piety under the Shining One
  9080 | D:7      | Got an encrusted buckler
  9086 | D:7      | Identified the +1 buckler of the Blizzard {Str+3} (You
                  | found it on level 7 of the Dungeon)
  9127 | D:7      | Found Fonuymp's Magic Scroll Shoppe.
  9370 | D:7      | Reached skill level 1 in Shields
  9728 | D:8      | Noticed Psyche
  9735 | D:8      | Reached skill level 7 in Fighting
  9747 | D:8      | Cast into level 2 of the Abyss (Psyche)
  9769 | Abyss:2  | Noticed a tentacled starspawn
  9868 | Abyss:2  | Noticed a tentacled starspawn
  9902 | Abyss:2  | Killed a tentacled starspawn
  9902 | Abyss:2  | Reached skill level 5 in Invocations
  9902 | Abyss:2  | Reached XP level 10. HP: 59/64 MP: 14/14
  9904 | D:8      | Escaped the Abyss
  9906 | D:8      | Killed Psyche
 10110 | D:7      | Reached skill level 5 in Dodging
 10245 | D:8      | Reached skill level 8 in Fighting
 10844 | D:8      | Found a staircase to the Lair.
 10886 | D:8      | Reached ** piety under the Shining One
 11391 | D:8      | Reached XP level 11. HP: 69/69 MP: 14/16
 12106 | D:8      | Got an ancient dagger
 12107 | D:8      | Identified the +9 dagger "Kueraivics" {venom, rC+ Str+3}
                  | (You found it on level 8 of the Dungeon)
 12158 | Lair:1   | Entered Level 1 of the Lair of Beasts
 12567 | Lair:1   | Reached skill level 9 in Fighting
 13496 | Lair:2   | Found a frozen archway.
 13692 | Lair:2   | Found a staircase to the Swamp.
 15152 | Lair:3   | Got a masterwork helmet
 15163 | Lair:3   | Identified the +1 helmet of Shielding {rF+} (You found it
                  | on level 3 of the Lair of Beasts)
 15189 | Lair:3   | Reached skill level 10 in Fighting
 15549 | Lair:3   | Reached *** piety under the Shining One
 15700 | Lair:3   | Noticed a five-headed hydra
 15713 | Lair:3   | Killed a five-headed hydra
 15713 | Lair:3   | Reached XP level 12. HP: 45/78 MP: 18/18
 15868 | Lair:3   | Got a fine scale mail
 15928 | Lair:3   | Noticed a five-headed hydra
 15953 | Lair:3   | Killed a five-headed hydra
 15997 | Lair:3   | Noticed a death yak
 16184 | Lair:3   | Reached skill level 10 in Maces & Flails
 16245 | Lair:3   | Noticed a seven-headed hydra
 16266 | Lair:3   | HP: 19/79 [seven-headed hydra (5)]
 16269 | Lair:3   | Killed a seven-headed hydra
 16672 | Lair:3   | Found a hole to the Spider Nest.
 16689 | Lair:3   | Reached skill level 11 in Fighting
 16893 | Lair:3   | Identified the cursed +1 scale mail of the Boiling Point
                  | {rF+ Str+3} (You found it on level 3 of the Lair of Beasts)
 17213 | Lair:4   | Reached skill level 10 in Invocations
 17664 | Lair:3   | Killed a death yak
 19637 | Lair:6   | Entered Level 6 of the Lair of Beasts
 19637 | Lair:6   | Found a staircase to the Slime Pits.
 19637 | Lair:6   | Noticed a six-headed hydra
 19655 | Lair:5   | Killed a six-headed hydra
 19670 | Lair:5   | Reached XP level 13. HP: 60/85 MP: 21/21
 19695 | Lair:6   | Reached skill level 12 in Fighting
 19705 | Lair:6   | Found a dark tunnel.
 19713 | Volcano  | Entered a volcano
 20361 | Volcano  | Found a radiant altar of Vehumet.
 20388 | Volcano  | Noticed a stone giant
 20399 | Volcano  | Killed a stone giant
 22146 | Lair:6   | Reached skill level 1 in Bows
 22767 | Lair:6   | Found a runed translucent door.
 22767 | Lair:6   | Noticed an ice dragon
 22793 | Lair:6   | Reached **** piety under the Shining One
 23092 | Lair:5   | HP: 10/87 [tyrant leech (21)]
 23094 | Lair:5   | HP: 3/87 [hornet (7)]
 24374 | Lair:6   | Reached skill level 13 in Fighting
 24391 | Lair:6   | Noticed a fire dragon
 24417 | Lair:6   | Killed a fire dragon
 25219 | Lair:6   | Killed an ice dragon
 25869 | D:9      | Gained mutation: Your large and strong wings let you fly
                  | indefinitely. [Gargoyle growth]
 25869 | D:9      | Reached XP level 14. HP: 87/94 MP: 23/23
 26280 | D:9      | Found a white marble altar of Elyvilon.
 26281 | D:9      | Found a sparkling altar of Nemelex Xobeh.
 26365 | D:10     | Entered Level 10 of the Dungeon
 26464 | D:10     | Found Juecanap's General Store.
 26496 | D:10     | Found a white marble altar of Elyvilon.
 27014 | D:10     | Reached skill level 5 in Bows
 27198 | D:11     | Noticed Erica
 27201 | D:11     | Killed Erica
 27208 | D:11     | Noticed Sonja
 27212 | D:11     | Noticed Gastronok
 27287 | D:10     | Killed Gastronok
 27287 | D:10     | Reached skill level 1 in Evocations
 27428 | D:11     | Killed Sonja
 27723 | D:11     | Found a staircase to the Orcish Mines.
 27750 | D:11     | Reached ***** piety under the Shining One
 28132 | D:12     | Found a gate leading to a gauntlet.
 28141 | Gauntlet | Entered a Gauntlet
 28141 | Gauntlet | Found a transporter.
 28152 | Gauntlet | Found a transporter.
 28162 | Gauntlet | Found a transporter.
 28174 | Gauntlet | Found a transporter.
 28192 | Gauntlet | Found a transporter.
 28202 | Gauntlet | Found a transporter.
 28212 | Gauntlet | Found a transporter.
 28228 | Gauntlet | Found a runed translucent door.
 28228 | Gauntlet | Found a runed translucent door.
 28232 | Gauntlet | Found a transporter.
 28235 | Gauntlet | Found a transporter.
 28247 | Gauntlet | Found a transporter.
 28294 | Gauntlet | Found a transporter.
 28310 | Gauntlet | Found a transporter.
 28322 | Gauntlet | Found a transporter.
 28322 | Gauntlet | Found a transporter.
 28421 | Gauntlet | HP: 20/94 [large slime creature (19)]
 28847 | Gauntlet | Got a scorched cloak
 28858 | Gauntlet | Identified the cursed +0 cloak "Jaufiz" {Regen+ Int+2
                  | Stlth+} (You found it in a Gauntlet)
 28868 | Gauntlet | Identified the ring of Lujel {Str+6 SInv}
 29456 | D:12     | Found a transporter.
 29464 | D:12     | Found a transporter.
 29480 | D:12     | Noticed p0werm0de's ghost (journeyman DDFi)
 30205 | D:13     | Reached skill level 14 in Fighting
 30259 | D:12     | Paralysed by an ogre mage for 3 turns
 30267 | D:12     | HP: 21/96 [ogre/cursed +0 giant club (6)]
 30429 | D:13     | Reached XP level 15. HP: 80/100 MP: 23/25
 30468 | D:13     | Found a gate to the Vaults.
 30469 | D:13     | Noticed Maurice
 30519 | D:13     | Killed Maurice
 30593 | D:13     | Reached ****** piety under the Shining One
 31280 | Orc:1    | Entered Level 1 of the Orcish Mines
 31532 | Orc:2    | Entered Level 2 of the Orcish Mines
 31878 | Orc:2    | Noticed an orc warlord
 32091 | Orc:1    | HP: 14/100 [orc knight/+0 great mace (36)]
 32092 | Orc:1    | HP: 5/100 [orc knight/+0 great mace (10)]
 32093 | Orc:1    | Annihilated by an orc knight

Illustrated notes

Levels and vault maps discovered:
D:1:      psy_arrival_conway, layout_rooms, minmay_pentomino_s2
D:2:      layout_basic
D:3:      layout_rooms, lemuel_round_altar, hex_intersection, uniq_jessica
D:4:      layout_loops_ring, uniq_crazy_yiuf_cottage
D:5:      layout_basic, overflow_temple_1_default,
          gammafunk_temple_overflow_elements, tso_metal_star
D:6:      layout_loops_ring, lemuel_coloured_pillars_altar,
          minmay_temple_entry_junction
D:7:      layout_basic, yredelemnul_altar_generic, serial_shops, shop
D:8:      layout_loops_corners, lair_entry_dummy, kennysheep_boxes, uniq_psyche
D:9:      layout_loops_ring, nicolae_overflow_hidden_temple
D:10:     layout_rooms, serial_shops, shop, elyvilon_altar_4
D:11:     layout_roguey, orc_0_dummy, uniq_erica, uniq_sonja, uniq_gastronok
D:12:     layout_irregular_city, gammafunk_ghost_berserking_beasts,
          enter_bailey_3, gauntlet_entry_generic
D:13:     layout_rooms, erik_vaults_1, serial_rivers,
          chequers_serial_rivers_small_a, chequers_serial_rivers_marsh,
          chequers_serial_rivers_marsh, chequers_serial_rivers_small_3,
          chequers_serial_rivers_large_b, uniq_maurice
Lair:1:   layout_small_grid, lemuel_fruit_tree, serial_bayou_shore_b
Lair:2:   layout_loops_ring, swamp_mist_pool, portal_ice_cave_entry_ice_beasts,
          grunt_forest_large_clearing_hut
Lair:3:   layout_cave_shapes, spider_nest_entry_web_field,
          minmay_shattered_shrine
Lair:4:   layout_gridlike
Lair:5:   layout_concentric_octagons
Lair:6:   wormcave, layout_loops_ring, guppyfry_lair_end_dragon,
          nicolae_slime_entry_slimehenge, enter_volcano_1,
          infiniplex_staircase_pool_2
Orc:1:    layout_diamond_mine
Orc:2:    st_orc_rangers, layout_caves, guppyfry_orc_lava_fort

Skill      XL: |  1  2  3  4  5  6  7  8  9 10 11 12 13 14 15 |
---------------+----------------------------------------------+-----
Transmutations | 1 2 |  2.0
Armour         | 1 2 3 4 6 |  6.0
Fighting       | 1 3 4 5 7 8 10 11 13 14 | 14.2
Maces & Flails | 1 2 3 5 7 9 11 12 13 | 13.2
Dodging        | 2 4 5 6 |  6.0
Invocations    | 2 5 6 9 10 12 13 | 13.5
Shields        | 4 |  4.0
Bows           | 4 6 7 |  7.1
Evocations     | 3 4 |  4.3
Throwing       | |  0.4
Stealth        | |  2.1
Spellcasting   | |  2.8
Poison Magic   | |  3.8

Action                   |  1- 3 |  4- 6 |  7- 9 | 10-12 | 13-15 || total
-------------------------+-------+-------+-------+-------+-------++-------
Melee: Club              |    34 |       |       |       |       ||    34
       Unarmed           |     3 |       |       |       |       ||     3
       Mace              |    85 |    84 |       |       |       ||   169
       Flail             |       |    47 |   446 |   801 |   443 ||  1737
       Longbow           |       |       |       |       |     2 ||     2
 Fire: Hunting sling     |     5 |    32 |       |    51 |       ||    88
       Longbow           |       |       |       |       |   595 ||   595
Throw: Dart              |       |    17 |    24 |       |       ||    41
       Throwing net      |       |       |       |       |     1 ||     1
 Cast: Sting             |     9 |     4 |     4 |       |       ||    17
Invok: Divine Shield     |       |       |       |       |     1 ||     1
       Cleansing Flame   |       |       |       |       |     1 ||     1
 Abil: Fly               |       |       |       |       |     1 ||     1
Evoke: Wand              |       |     1 |       |       |     3 ||     4
  Use: Scroll            |       |     9 |     8 |     9 |     8 ||    34
       Potion            |       |       |     1 |       |     5 ||     6
 Stab: Sleeping          |     3 |       |       |       |       ||     3
Armor: Robe              |    65 |       |       |       |       ||    65
       Ring mail         |     1 |     6 |       |       |       ||     7
       Scale mail        |       |    95 |   225 |   371 |   557 ||  1248
       Skin              |       |       |       |    17 |       ||    17
Dodge: Dodged            |   135 |    98 |   242 |   394 |   510 ||  1379
Block: Other             |       |     9 |    78 |       |   206 ||   293
       Reflection        |       |       |     5 |     3 |    22 ||    30
       Buckler           |       |       |    38 |   413 |    28 ||   479

Table legend: (Time is in decaauts)
 A = Elapsed time spent in this place.
 B = Non-inter-level travel time spent in this place.
 C = Inter-level travel time spent in this place.
 D = Time resting spent in this place.
 E = Time spent auto-exploring this place.
 F = Levels seen in this place.
 G = Mean time per level.
                   A        B        C        D        E       F      G
               +--------+--------+--------+--------+--------+-----+--------+
         Total |  32622 |  30321 |   2301 |   8071 |  14906 |  24 | 1359.2 |
       Dungeon |  18017 |  16581 |   1436 |   3798 |   8604 |  13 | 1385.9 |
          Lair |  11637 |  10807 |    830 |   3294 |   5388 |   6 | 1939.5 |
  Orcish Mines |    856 |    821 |     35 |    224 |    325 |   2 |  428.0 |
         Abyss |    158 |    158 |      0 |     19 |     42 |   1 |  158.0 |
       Volcano |   1037 |   1037 |      0 |    455 |    236 |   1 | 1037.0 |
      Gauntlet |    915 |    915 |      0 |    281 |    311 |   1 |  915.0 |
               +--------+--------+--------+--------+--------+-----+--------+

Top non-repeatable levels by time:
  Lair:6: 2947 daAuts
     D:5: 2460 daAuts
  Lair:3: 2305 daAuts
     D:8: 2204 daAuts
  Lair:5: 2059 daAuts
     D:6: 1850 daAuts
     D:2: 1739 daAuts
  Lair:1: 1592 daAuts
  Lair:2: 1554 daAuts
     D:4: 1488 daAuts
     D:7: 1328 daAuts
     D:1: 1243 daAuts
  Lair:4: 1178 daAuts
    D:12: 1161 daAuts
 Volcano: 1037 daAuts
